 Dungeon Crawl Stone Soup version 0.30-a0-920-g7493c07aab (webtiles) character file.

Game seed: 14873721705396976791

16 lunkers the Shooter (level 3, -2/29 HPs)
             Began as a Meteoran Hunter on Mar 21, 2023.
             Slain by a goblin
             ... wielding a +0 dagger
              (3 damage)
             ... on level 1 of the Dungeon.
             The game lasted 00:00:47 (381 turns).

lunkers the Shooter (Meteoran Hunter)                Turns: 381, Time: 00:00:47

Health: -2/29      AC:  3    Str: 15    XL:     3   Next: 0%
Magic:  4/4        EV: 12    Int: 10    God:
Gold:   52         SH:  0    Dex: 17    Spells: 2/2 levels left

rFire   . . .      SeeInvis .    a - +0 shortbow
rCold   . . .      Faith    .    (shield currently unavailable)
rNeg    . . .      Spirit   .    c - +0 leather armour
rPois   .          Reflect  .    (no helmet)
rElec   .          Rampage  .    (no cloak)
rCorr   .                        (no gloves)
Will    .....                    (no boots)
Stlth   +                        (no amulet)
HPRegen 0.24/turn                (no ring)
MPRegen 0.09/turn                (no ring)

@: glowing
A: sense surroundings 1, otherworldly, glowing, explore regen
a: no special abilities


You were on level 1 of the Dungeon.
You visited 1 branch of the dungeon, and saw 1 of its levels.

You collected 52 gold pieces.

Inventory:

Hand Weapons
 a - a +0 shortbow (weapon)
 h - a +3 hand axe
Armour
 c - a +0 leather armour (worn)
Scrolls
 b - a scroll of immolation
 d - a scroll of magic mapping {unknown}
 f - 2 scrolls of fog {unknown}
 g - a scroll of noise {unknown}
Potions
 e - a potion of magic {unknown}


   Skills:
 - Level 2.1 Fighting
 + Level 5.1 Ranged Weapons
 - Level 2.4 Dodging
 - Level 0.6 Stealth


You had 2 spell levels left.
You didn't know any spells.
Your spell library was empty.

Dungeon Overview and Level Annotations

Branches:
Dungeon (1/15) Zot: 207

Altars:


Innate Abilities, Weirdness & Mutations

You passively map a small area around you.
You are easily found by Zot.
You glow in the dark.
You regain HP and MP as you explore.


Message History

* * * LOW HITPOINT WARNING * * *
The goblin hits you but does no damage.
Fire: a) +0 shortbow
Press: ? - help, Q - select action Shift-Dir - straight line, f/p - endoplasm
Aim: an endoplasm (lightly wounded, 87% to hit)
You shoot an arrow. The arrow hits the endoplasm.
The endoplasm is severely wounded.
The endoplasm completely misses you. The goblin hits you with a +0 dagger.
* * * LOW HITPOINT WARNING * * *
Fire: a) +0 shortbow
Press: ? - help, Q - select action Shift-Dir - straight line, f/p - endoplasm
Aim: an endoplasm (severely wounded, 87% to hit)
You shoot an arrow. The arrow hits the endoplasm.
You kill the endoplasm!
The goblin hits you with a +0 dagger.
* * * LOW HITPOINT WARNING * * *
You have reached level 3!
Your experience leads to an increase in your attributes!
Increase (S)trength, (I)ntelligence, or (D)exterity?
You feel stronger. x3
Fire: a) +0 shortbow
Press: ? - help, Q - select action Shift-Dir - straight line, f - goblin
Aim: a goblin, wielding a +0 dagger (56% to hit)
You shoot an arrow. The arrow barely misses the goblin.
The goblin closely misses you. The goblin hits you but does no damage.
Unknown command.
Fire: a) +0 shortbow
Press: ? - help, Q - select action Shift-Dir - straight line, f/p - goblin
Aim: a goblin, wielding a +0 dagger (56% to hit)
You shoot an arrow. The arrow misses the goblin.
The goblin hits you with a +0 dagger.
* * * LOW HITPOINT WARNING * * *
Fire: a) +0 shortbow
Press: ? - help, Q - select action Shift-Dir - straight line, f/p - goblin
Aim: a goblin, wielding a +0 dagger (56% to hit)
You shoot an arrow. The arrow closely misses the goblin.
The goblin hits you with a +0 dagger.
* * * LOW HITPOINT WARNING * * *
The goblin hits you with a +0 dagger.
You die...

, ,.. #...............
##.* ##............##
#.$###.......#...###. *
#........#.#.#.###...
###..........#.#.##....
,
.............#.#.##....
....#.......#.#.#.....
* .##
#.g.[...#.#....##.
#@......# #...#### *
#.......# #...# #
*#.......# #...# * * ,
........# #...## *
####+##### #.#...## , ,
* ..#..... * *
##.###... * , ~ #. ###.
* ##


You could see a goblin.

Vanquished Creatures
  4 endoplasms (D:1)
  A giant cockroach (D:1)
  4 jackals (D:1)
  A kobold (D:1)
  A bat (D:1)
  3 rats (D:1)
14 creatures vanquished.

Notes
Turn   | Place    | Note
-------+----------+-------------------------------------------
     0 | D:1      | lunkers the Meteoran Hunter began the quest for the Orb.
     0 | D:1      | Reached XP level 1. HP: 17/17 MP: 2/2
    19 | D:1      | Reached XP level 2. HP: 16/24 MP: 3/3
   131 | D:1      | Reached skill level 5 in Ranged Weapons
   379 | D:1      | Reached XP level 3. HP: 3/29 MP: 4/4
   381 | D:1      | HP: 1/29 [goblin/+0 dagger (1)]
   381 | D:1      | Slain by a goblin

Illustrated notes

Levels and vault maps discovered:
D:1:      dpeg_arrival_arbitrary_b, layout_basic, hangedman_decor_growths,
          chequers_serial_rivers_room_b

Skill      XL: |  1  2 |
---------------+-------+-----
Ranged Weapons | 5 |  5.1
Fighting       | |  2.1
Dodging        | |  2.4
Stealth        | |  0.6

Action                     || total
---------------------------++-------
   Fire: Shortbow          ||    35
 Armour: Leather armour    ||     7
  Dodge: Dodged            ||     9

Table legend: (Time is in decaauts)
 A = Elapsed time spent in this place.
 B = Non-inter-level travel time spent in this place.
 C = Inter-level travel time spent in this place.
 D = Time resting spent in this place.
 E = Time spent auto-exploring this place.
 F = Levels seen in this place.
 G = Mean time per level.
                   A        B        C        D        E       F      G
               +--------+--------+--------+--------+--------+-----+--------+
         Total |    391 |    391 |      0 |      0 |    311 |   1 |  391.0 |
       Dungeon |    391 |    391 |      0 |      0 |    311 |   1 |  391.0 |
               +--------+--------+--------+--------+--------+-----+--------+

Top non-repeatable levels by time:
     D:1: 391 daAuts
